 Dungeon Crawl Stone Soup version 0.22.1-2-g9c5b331383 (webtiles) character file.

79654 Peloso the Peltast (level 15, -17/137 HPs)
             Began as a Minotaur Fighter on Dec 16, 2018.
             Was the Champion of Okawaru.
             Demolished by Rupert
             ... wielding a +1 great sword of electrocution
              (26 damage)
             ... on level 13 of the Dungeon.
             The game lasted 01:18:43 (23799 turns).

Peloso the Peltast (Minotaur Fighter)              Turns: 23799, Time: 01:18:43

Health: -17/137    AC: 22    Str: 32    XL:     15   Next: 21%
Magic:  14/14      EV: 10    Int:  3    God:    Okawaru [******]
Gold:   1105       SH: 16    Dex: 10    Spells: 14/14 levels left

rFire    . . .     SeeInvis +   a - +0 falchion (flame)
rCold    + . .     Gourm    .   c - +0 shield
rNeg     . . .     Faith    .   p - +3 plate armour {MR+}
rPois    .         Spirit   .   Q - +0 hat of Rahur {Regen+ Str+2 Dex-2}
rElec    .         Reflect  .   y - scarf {cloud immunity}
rCorr    +         Harm     .   (no gloves)
MR       ++...                  R - +2 pair of boots {run}
Stlth    ..........             (no amulet)
HPRegen  0.72/turn              G - ring of Qef Ciu {rCorr Str+5 Int-2}
MPRegen  0.14/turn              O - ring "Haluec" {rC+ SInv}

@: quick
A: retaliatory headbutt, horns 2
a: Heroism, Finesse, Renounce Religion


You were on level 13 of the Dungeon.
You worshipped Okawaru.
Okawaru was exalted by your worship.
You were not hungry.

You visited 3 branches of the dungeon, and saw 20 of its levels.

You collected 2089 gold pieces.
You spent 984 gold pieces at shops.

Inventory:

Hand Weapons
 a - a +0 falchion of flaming (weapon)
Armour
 b - a +0 scale mail
 c - a +0 shield (worn)
 p - a +3 plate armour of magic resistance (worn)
 y - a scarf of cloud immunity (worn)
 A - a +2 hat of intelligence
 H - a scarf of spirit shield
 Q - the +0 hat of Rahur (worn) {Regen+ Str+2 Dex-2}
   (Okawaru gifted it to you on level 6 of the Lair of Beasts)

   It affects your strength (+2).
   It affects your dexterity (-2).
   It increases your rate of regeneration.
 R - a +2 pair of boots of running (worn)
Jewellery
 k - an uncursed ring of protection from magic
 B - an uncursed ring of flight
 G - the ring of Qef Ciu (left hand) {rCorr Str+5 Int-2}
   (You found it on level 7 of the Dungeon)

   [ring of resist corrosion]

   It affects your strength (+5).
   It affects your intelligence (-2).
 O - the ring "Haluec" (right hand) {rC+ SInv}
   (You found it on level 7 of the Dungeon)

   [ring of see invisible]

   It protects you from cold.
   It lets you see invisible.
Wands
 g - a wand of digging (3)
Scrolls
 o - 6 scrolls of identify
 r - 18 scrolls of teleportation
 t - 4 scrolls of remove curse
 u - a scroll of summoning
 z - a scroll of noise
 F - a scroll of blinking
 P - 2 scrolls of magic mapping
 W - 4 scrolls of fear
Potions
 i - 5 potions of heal wounds
 m - 4 potions of haste
 q - 6 potions of curing
 w - a potion of berserk rage
 J - 3 potions of might
 M - 5 potions of agility
 N - a potion of resistance
 S - 3 potions of flight
Comestibles
 f - 40 rations


   Skills:
 + Level 13.9 Fighting
 + Level 15.6 Long Blades
 + Level 13.8 Armour
 + Level 5.2 Dodging
 + Level 2.6 Stealth
 + Level 18.5 Shields
 + Level 1.3 Invocations


You had 14 spell levels left.
You didn't know any spells.
Your spell library contained the following spells:

 Spells                   Type           Power        Failure   Level  Hunger
 Animate Skeleton         Necr           N/A          97%         1    ##.....
 Apportation              Tloc           #.....       97%         1    ##.....
 Confusing Touch          Hex            #.....       97%         1    ##.....
 Corona                   Hex            #......      97%         1    ##.....
 Magic Dart               Conj           #...         97%         1    ##.....
 Pain                     Necr           #...         97%         1    ##.....
 Sting                    Conj/Pois      #...         97%         1    ##.....
 Summon Butterflies       Summ           #.......     97%         1    ##.....
 Summon Small Mammal      Summ           #...         97%         1    ##.....
 Ensorcelled Hibernation  Hex/Ice        #.....       99%         2    ###....
 Poisonous Vapours        Pois/Air       #.....       99%         2    ###....
 Searing Ray              Conj           #.....       99%         2    ###....
 Confuse                  Hex            #.......     100%        3    ####...
 Conjure Flame            Conj/Fire      #.......     100%        3    ####...
 Dazzling Spray           Conj/Hex       #.....       100%        3    ####...
 Gell's Gravitas          Tloc           #.........   100%        3    ####...
 Lesser Beckoning         Tloc           #.........   100%        3    ####...
 Mephitic Cloud           Conj/Pois/Air  #.......     100%        3    ####...
 Regeneration             Chrm/Necr      #.........   100%        3    ####...
 Tukima's Dance           Hex            #.......     100%        3    ####...
 Vampiric Draining        Necr           #.........   100%        3    ####...
 Animate Dead             Necr           N/A          100%        4    #####..
 Force Lance              Conj/Tloc      #.......     100%        4    #####..
 Fulminant Prism          Conj/Hex       #.........   100%        4    #####..
 Iskenderun's Mystic Bla  Conj           #.......     100%        4    #####..
 Olgreb's Toxic Radiance  Pois           #.......     100%        4    #####..
 Petrify                  Tmut/Erth      #.......     100%        4    #####..
 Alistair's Intoxication  Tmut/Pois      #.......     100%        5    ######.
 Irradiate                Conj/Tmut      #.........   100%        5    ######.
 Metabolic Englaciation   Hex/Ice        #.........   100%        5    ######.
 Venom Bolt               Conj/Pois      #.........   100%        5    ######.
 Yara's Violent Unravell  Hex/Tmut       #.........   100%        5    ######.
 Freezing Cloud           Conj/Ice/Air   #.........   100%        6    #######
 Hydra Form               Tmut           #.........   100%        6    #######
 Invisibility             Hex            #.......     100%        6    #######
 Statue Form              Tmut/Erth      #........    100%        6    #######
 Dragon Form              Tmut           #.........   100%        7    #######
 Ring of Flames           Chrm/Fire      #.........   100%        7    #######


Dungeon Overview and Level Annotations

Branches:
Dungeon (13/15)            Temple (1/1) D:4            Lair (6/6) D:9
  Swamp (0/4) Lair:3       Spider (0/4) Lair:3        Slime (0/5) Lair:6
    Orc (0/2) D:11
 Vaults: D:13-14

Altars:
Cheibriados
Dithmenos
Fedhas
Gozag
Hepliaklqana
Kikubaaqudgha
Makhleb
Nemelex Xobeh
Okawaru
Qazlal
Ru
Sif Muna
Trog
Uskayaw
Vehumet
Xom
Yredelemnul
Zin
The Shining One
Beogh
Jiyva

Shops:
D:6 ?([:   D:8 (   D:9 (:?}   D:10 !   D:12 *

Annotations:
D:13 Rupert


Innate Abilities, Weirdness & Mutations

You reflexively headbutt those who attack you in melee.
You have a pair of horns on your head.


Message History

Rupert is almost dead.
You barely miss Rupert.
Rupert is almost dead.
Rupert hits you with a great sword of electrocution!
You barely miss Rupert. Your headbutt misses Rupert.
Rupert is almost dead.
Rupert hits you with a great sword of electrocution!
You are electrocuted!
* * * LOW HITPOINT WARNING * * *
You closely miss Rupert. You headbutt Rupert, but do no damage.
Rupert is almost dead.
You hit Rupert. You burn Rupert.
Rupert is almost dead.
Rupert hits you with a great sword of electrocution!!
* * * LOW HITPOINT WARNING * * *
Unknown command.
You barely miss Rupert.
Rupert is almost dead.
Rupert hits you with a great sword of electrocution!!
You die...

##### #...# #...####
#......# #......# .
##..%...####.
..###..@...##....
........@.........
#....................
......................
......................
.>....................
.....................#
.....................#
.............?.......#


You could see Rupert (berserk).

Vanquished Creatures
  2 entropy weavers (Lair:5)
  An ice dragon (Lair:6)
  13 hydras
  A catoblepas (Lair:6)
  4 two-headed ogres
  3 death yaks (Lair:6)
  A queen ant (Lair:5)
  Nergalle (D:11)
  2 unseen horrors (D:12)
  An orc knight (D:11)
  Pikel (D:7)
  2 ugly things (D:8)
  2 lindwurms (Lair:6)
  An orb spider (Lair:3)
  A salamander (Lair:2)
  2 oklob plants (Lair:3)
  A cyclops (D:11)
  2 manticores
  3 elephants (Lair:5)
  4 black mambas
  Psyche (D:11)
  7 torpor snails
  7 spiny frogs
  3 gargoyles
  5 rime drakes (Lair:6)
  7 komodo dragons
  3 tyrant leeches (Lair:6)
  8 hornets
  9 polar bears (Lair:6)
  5 raiju (Lair:6)
  Grinder (D:3)
  16 blink frogs
  14 dream sheep
  16 hippogriffs
  A wraith (D:12)
  9 wyverns
  49 yaks
  13 fire bats (Lair:2)
  A fire elemental (Lair:2)
  5 vampire mosquitoes (Lair:3)
  5 basilisks
  A hungry ghost (D:12)
  18 soldier ants
  4 wargs (Lair:6)
  An acid dragon (D:11)
  25 water moccasins
  8 porcupines
  12 hell hounds (Lair:6)
  2 sky beasts
  2 phantoms
  13 black bears
  12 orc warriors
  3 ice beasts
  3 slaves (D:7)
  2 necrophages
  5 centaurs
  4 ogres
  32 wolves
  9 crocodiles
  5 big kobolds
  19 bullfrogs
  7 scorpions
  5 wights (D:11)
  12 killer bees
  2 jellies
  An electric eel (Lair:2)
  2 howler monkeys
  A bullfrog zombie (D:9)
  7 crimson imps
  A centaur zombie (D:5)
  2 lava snakes (Lair:2)
  2 bullfrog skeletons
  12 orc wizards
  4 centaur skeletons
  10 orc priests
  5 hounds
  A gnoll shaman (Temple)
  2 iguanas (D:6)
  17 worker ants
  A hound skeleton (D:10)
  2 worker ant zombies
  3 gnolls (D:4)
  14 adders
  4 shadow imps
  An adder zombie (D:10)
  An adder skeleton (D:7)
  4 worms
  2 dart slugs
  4 leopard geckos
  67 orcs
  3 ball pythons
  6 bats
  6 giant cockroaches
  6 goblins
  8 hobgoblins
  5 jackals (D:10)
  8 quokkas
  7 frilled lizards
  12 kobolds
  A leopard gecko skeleton (D:4)
  A quokka skeleton (D:3)
  4 rats
  4 fungi
680 creatures vanquished.

Vanquished Creatures (others)
  A hell hound (Lair:6)
  3 bushes (Lair:5)
  19 fungi
  41 plants
64 creatures vanquished.

Grand Total: 744 creatures vanquished

Notes
Turn   | Place    | Note
-------+----------+-------------------------------------------
     0 | D:1      | Peloso the Minotaur Fighter began the quest for the Orb.
     0 | D:1      | Reached XP level 1. HP: 19/19 MP: 0/0
   338 | D:1      | Reached XP level 2. HP: 22/27 MP: 1/1
   850 | D:2      | Reached skill level 4 in Shields
   911 | D:2      | Reached XP level 3. HP: 33/33 MP: 2/2
  1005 | D:2      | Reached XP level 4. HP: 41/41 MP: 3/3
  1079 | D:2      | Found a burning altar of Makhleb.
  1426 | D:3      | Noticed Grinder
  1440 | D:3      | Killed Grinder
  1440 | D:3      | Reached skill level 5 in Long Blades
  1440 | D:3      | Reached skill level 1 in Dodging
  1440 | D:3      | Reached XP level 5. HP: 13/47 MP: 4/4
  1440 | D:3      | Reached XP level 6. HP: 15/53 MP: 5/5
  1718 | D:3      | Reached skill level 5 in Shields
  2328 | D:4      | Found a staircase to the Ecumenical Temple.
  2731 | D:4      | Reached XP level 7. HP: 3/60 MP: 6/6
  3184 | Temple   | Entered the Ecumenical Temple
  3192 | Temple   | Reached skill level 5 in Armour
  3194 | Temple   | Reached skill level 1 in Stealth
  3205 | Temple   | Became a worshipper of Warmaster Okawaru
  3799 | D:5      | Entered Level 5 of the Dungeon
  3833 | D:5      | Reached skill level 5 in Fighting
  3833 | D:5      | Reached skill level 6 in Shields
  3929 | D:5      | Reached XP level 8. HP: 61/68 MP: 7/7
  4104 | D:5      | Found a shadowy altar of Dithmenos.
  4104 | D:5      | Found an ancient bone altar of Kikubaaqudgha.
  4105 | D:5      | Found a burning altar of Makhleb.
  4187 | D:5      | Found a glowing silver altar of Zin.
  4189 | D:5      | Found a shimmering altar of Xom.
  4189 | D:5      | Found a shimmering altar of Xom.
  4191 | D:5      | Found a burning altar of Makhleb.
  4191 | D:5      | Found a glowing silver altar of Zin.
  4191 | D:5      | Found a shimmering altar of Xom.
  4838 | D:6      | Reached * piety under Okawaru
  5113 | D:5      | Found a radiant altar of Vehumet.
  5113 | D:5      | Found a sacrificial altar of Ru.
  5160 | D:6      | Found Ezeacim's Weapon Emporium.
  5192 | D:6      | Found Litil's Magic Scroll Boutique.
  5200 | D:6      | Bought a scroll of identify for 22 gold pieces
  5200 | D:6      | Bought a scroll of enchant armour for 82 gold pieces
  5200 | D:6      | Bought a scroll of teleportation for 33 gold pieces
  5200 | D:6      | Bought a scroll of brand weapon for 220 gold pieces
  5612 | D:6      | Reached skill level 7 in Shields
  5684 | D:6      | Found Fuadghuo's Armour Emporium.
  5684 | D:6      | Found Sead Woil's Book Boutique.
  5968 | D:7      | Got a scintillating tin ring
  5990 | D:7      | Identified the ring of Qef Ciu {rCorr Str+5 Int-2} (You
                  | found it on level 7 of the Dungeon)
  5994 | D:7      | Noticed a hippogriff
  6001 | D:7      | Killed a hippogriff
  6001 | D:7      | Reached XP level 9. HP: 59/75 MP: 8/8
  6002 | D:7      | Reached ** piety under Okawaru
  6044 | D:7      | Found a stormy altar of Qazlal.
  6241 | D:7      | Noticed Pikel
  6280 | D:7      | Killed Pikel
  6280 | D:7      | Reached skill level 8 in Shields
  6392 | D:7      | Got a slimy iron ring
  6462 | D:7      | Reached *** piety under Okawaru
  6950 | D:8      | Found Nuxaer's Weapon Shop.
  6967 | D:8      | Found a hide-covered altar of Uskayaw.
  7019 | D:8      | Noticed a two-headed ogre
  7022 | D:8      | Noticed a brown ugly thing
  7032 | D:8      | Killed a two-headed ogre
  7032 | D:8      | Reached skill level 10 in Long Blades
  7032 | D:8      | Reached XP level 10. HP: 77/88 MP: 9/9
  7034 | D:8      | Noticed a green ugly thing
  7040 | D:8      | Killed a brown ugly thing
  7040 | D:8      | Reached **** piety under Okawaru
  7040 | D:8      | Reached skill level 9 in Shields
  7043 | D:8      | Killed a green ugly thing
  7089 | D:8      | Identified a +2 pair of boots of running (You found it on
                  | level 8 of the Dungeon)
  7092 | D:8      | Identified the ring "Haluec" {rC+ SInv} (You found it on
                  | level 7 of the Dungeon)
  7105 | D:8      | Noticed a two-headed ogre
  7124 | D:8      | Killed a two-headed ogre
  7330 | D:8      | Got a fine iron ring
  7332 | D:8      | Identified the ring "Texky" {-Tele rPois MR++ Dex+3} (You
                  | found it on level 8 of the Dungeon)
  7878 | D:6      | Bought a scroll of teleportation for 33 gold pieces
  7878 | D:6      | Bought a scroll of identify for 22 gold pieces
  7878 | D:6      | Bought a scroll of enchant armour for 82 gold pieces
  7878 | D:6      | Bought a scroll of enchant weapon for 82 gold pieces
  7987 | D:9      | Found Toguck Tuku's Weapon Shop.
  8200 | D:9      | Reached ***** piety under Okawaru
  8234 | D:9      | Reached skill level 10 in Shields
  8279 | D:9      | Found an opulent altar of Gozag.
  8328 | D:9      | Found Jiqu's Magic Scroll Boutique.
  8332 | D:9      | Found Hemis's Book Shop.
  8427 | D:9      | Found a staircase to the Lair.
  8490 | D:9      | Found Titila's Gadget Shop.
  8612 | D:10     | Entered Level 10 of the Dungeon
  8887 | D:10     | Noticed a two-headed ogre
  8897 | D:10     | Killed a two-headed ogre
  8897 | D:10     | Reached XP level 11. HP: 94/97 MP: 7/10
  8964 | D:10     | Noticed a two-headed hydra
  9095 | D:10     | Killed a one-headed hydra
  9095 | D:10     | Reached skill level 11 in Shields
  9331 | D:10     | Found Ylove's Distillery.
  9335 | D:10     | Bought a potion of agility for 56 gold pieces
  9536 | D:10     | Reached ****** piety under Okawaru
  9536 | D:10     | Received a gift from Okawaru
  9536 | D:10     | Reached skill level 10 in Fighting
  9539 | D:10     | Got a warped eveningstar {god gift}
  9540 | D:10     | Identified the +4 eveningstar "Uryapy" {freeze, rF+ MR+}
                  | (Okawaru gifted it to you on level 10 of the Dungeon)
  9802 | D:11     | Noticed Nergalle
  9810 | D:11     | Killed Nergalle
  9810 | D:11     | Reached skill level 10 in Armour
  9963 | D:11     | Noticed Psyche
  9977 | D:11     | Killed Psyche
 10163 | D:11     | Reached skill level 12 in Shields
 10294 | D:11     | Received a gift from Okawaru
 10329 | D:11     | Reached XP level 12. HP: 81/107 MP: 11/11
 10460 | D:11     | Noticed a two-headed ogre
 10470 | D:11     | Killed a two-headed ogre
 10942 | D:11     | Found a roughly hewn altar of Beogh.
 10942 | D:11     | Found a staircase to the Orcish Mines.
 11276 | Lair:1   | Entered Level 1 of the Lair of Beasts
 11348 | Lair:1   | Noticed a seven-headed hydra
 11365 | Lair:1   | Killed a three-headed hydra
 12287 | Lair:2   | Reached skill level 13 in Shields
 12979 | Lair:2   | Received a gift from Okawaru
 13544 | D:9      | Bought a scroll of identify for 32 gold pieces
 13544 | D:9      | Bought a scroll of brand weapon for 320 gold pieces
 13713 | Lair:3   | Found a runed door.
 13876 | Lair:3   | Reached skill level 14 in Shields
 13898 | Lair:3   | Found a staircase to the Swamp.
 14209 | Lair:3   | Noticed a six-headed hydra
 14221 | Lair:3   | Killed a one-headed hydra
 14221 | Lair:3   | Reached XP level 13. HP: 109/118 MP: 12/12
 15031 | Lair:3   | Found a hole to the Spider Nest.
 15977 | Lair:4   | Reached skill level 15 in Shields
 16064 | Lair:4   | You fall through a shaft for 2 floors!
 16064 | Lair:6   | Entered Level 6 of the Lair of Beasts
 16757 | Lair:6   | Reached skill level 1 in Invocations
 16823 | Lair:6   | Received a gift from Okawaru
 17115 | Lair:6   | Got a spiked hat {god gift}
 17128 | Lair:6   | Identified the +0 hat of Rahur {Regen+ Str+2 Dex-2}
                  | (Okawaru gifted it to you on level 6 of the Lair of Beasts)
 17178 | Lair:6   | Reached skill level 16 in Shields
 17523 | Lair:6   | Reached XP level 14. HP: 123/127 MP: 13/13
 17633 | Lair:6   | Reached skill level 15 in Long Blades
 18141 | Lair:6   | Reached skill level 17 in Shields
 18633 | Lair:5   | Noticed an entropy weaver
 18670 | Lair:5   | HP: 6/129 [entropy weaver (1)]
 18674 | Lair:5   | Killed an entropy weaver
 18681 | Lair:5   | Received a gift from Okawaru
 18693 | Lair:5   | Got a polished dagger {god gift}
 18946 | Lair:1   | Identified the +1 dagger "Akoecas" {flame, rF+ Str+4}
                  | (Okawaru gifted it to you on level 5 of the Lair of Beasts)
 20081 | Lair:5   | Reached skill level 18 in Shields
 20226 | Lair:5   | Noticed an entropy weaver
 20246 | Lair:5   | Killed an entropy weaver
 20561 | Lair:6   | Received a gift from Okawaru
 20565 | Lair:6   | Reached skill level 5 in Dodging
 20839 | Lair:6   | Found a staircase to the Slime Pits.
 20840 | Lair:6   | Found a viscous altar of Jiyva.
 20898 | Lair:6   | Found a runed door.
 20960 | Lair:6   | Paralysed by a hornet for 1 turns
 20979 | Lair:6   | Reached XP level 15. HP: 95/137 MP: 12/14
 21855 | Lair:3   | Got a crystal dagger
 22199 | Lair:1   | Identified the +8 dagger of Fury {freeze, Dex+7} (You found
                  | it on level 3 of the Lair of Beasts)
 23119 | D:12     | Found Medyesu's Pet Rocks.
 23758 | D:13     | Noticed Rupert
 23799 | D:13     | Demolished by Rupert

Skill      XL: |  1  2  3  4  5  6  7  8  9 10 11 12 13 14 |
---------------+-------------------------------------------+-----
Fighting       | 4 5 6 7 9 10 12 13 | 13.9
Armour         | 4 5 7 8 9 10 11 12 13 | 13.8
Shields        | 4 5 6 7 8 10 12 14 16 18 | 18.5
Long Blades    | 3 5 6 7 8 10 12 13 14 15 | 15.6
Dodging        | 1 2 3 4 5 |  5.2
Stealth        | 1 2 |  2.6
Invocations    | 1 |  1.3

Action                   |  1- 3 |  4- 6 |  7- 9 | 10-12 | 13-15 || total
-------------------------+-------+-------+-------+-------+-------++-------
Melee: Long sword        |    56 |   103 |   352 |   229 |       ||   740
       Headbutt          |     5 |    17 |    88 |   320 |   520 ||   950
       Short sword       |       |     4 |       |       |       ||     4
       Falchion          |       |       |       |   749 |  1565 ||  2314
Invok: Heroism           |       |       |     1 |     5 |    10 ||    16
       Finesse           |       |       |       |       |     2 ||     2
Evoke: Wand              |       |       |       |       |     5 ||     5
  Use: Scroll            |       |     6 |       |    16 |     7 ||    29
       Potion            |       |       |     2 |     1 |     2 ||     5
  Eat: Chunk             |       |     6 |    13 |    20 |    26 ||    65
       Ration            |       |       |       |     1 |     2 ||     3
Armor: Scale mail        |    34 |    34 |     5 |       |       ||    73
       Chain mail        |       |       |    79 |       |       ||    79
       Plate armour      |       |       |    37 |   300 |   641 ||   978
Dodge: Dodged            |    26 |    32 |    76 |   234 |   438 ||   806
Block: Shield            |    34 |    50 |   179 |   504 |  1111 ||  1878
       Rpst.: Long sword |     5 |     7 |    21 |    16 |       ||    49
       Falchion          |       |       |       |    36 |    88 ||   124
